 Dungeon Crawl Stone Soup version 0.22.1-1-ga44c0e56f4 (webtiles) character file.

66 Ivernyr the Magician (level 4, 28/36 HPs)
             Began as a Naga Wizard on Oct 26, 2018.
             Quit the game on level 2 of the Dungeon.
             The game lasted 00:10:04 (1987 turns).

Ivernyr the Magician (Naga Wizard)                  Turns: 1987, Time: 00:10:05

Health: 28/36      AC:  3    Str:  9    XL:     4   Next: 15%
Magic:  3/9        EV:  9    Int: 19    God:
Gold:   80         SH:  0    Dex: 10    Spells: 1/10 levels left

rFire    . . .     SeeInvis +   n - +0 mace (curse)
rCold    . . .     Gourm    .   (no shield)
rNeg     . . .     Faith    .   a - +0 robe
rPois    +         Spirit   .   (no helmet)
rElec    .         Reflect  .   k - +0 cloak
rCorr    .         Harm     .   (no gloves)
MR       +....                  (no barding)
Stlth    ++........             (no amulet)
HPRegen  0.12/turn              g - ring of protection from magic
MPRegen  0.11/turn              (no ring)

@: heavily drained, very slow
A: large, see invisible, deformed body, poison resistance, slowness 2, slow
metabolism 1, spit poison 1, AC +1
a: Spit Poison


You were on level 2 of the Dungeon.
You were not hungry.

You visited 1 branch of the dungeon, and saw 2 of its levels.

You collected 80 gold pieces.

Inventory:

Hand Weapons
 n - a cursed +0 mace (weapon)
Armour
 a - a +0 robe (worn)
 k - a +0 cloak (worn)
Jewellery
 g - a ring of protection from magic (left hand)
Scrolls
 c - a scroll of random uselessness {unknown}
 e - 3 scrolls of remove curse {unknown}
 f - a scroll of fog {unknown}
 h - a scroll of fear {unknown}
 i - a scroll of enchant weapon {unknown}
 m - a scroll of teleportation {unknown}
 q - a scroll of blinking {unknown}
Potions
 b - a potion of curing {unknown}
 j - a potion of haste {unknown}
 l - 2 potions of agility {unknown}
 o - a potion of flight {unknown}
 p - a potion of invisibility {unknown}
Comestibles
 d - 2 rations


   Skills:
 - Level 1.5(0.1) Dodging
 - Level 3.0(1.5) Stealth
 + Level 3.9(2.4) Spellcasting
 + Level 2.7(1.3) Conjurations
   Level 1.0(0.0) Summonings
 - Level 1.0(0.0) Translocations


You had one spell level left.
You knew the following spells:

 Your Spells              Type           Power        Failure   Level  Hunger
a - Magic Dart            Conj           #...         10%         1    #......
b - Blink                 Tloc           N/A          24%         2    ##.....
c - Conjure Flame         Conj/Fire      #.......     36%         3    ###....
d - Mephitic Cloud        Conj/Pois/Air  #.......     38%         3    ###....

Your spell library contained the following spells:

 Spells                   Type           Power        Failure   Level  Hunger
 Call Imp                 Summ           #.......     24%         2    ##.....
 Slow                     Hex            #.......     24%         2    ##.....


Dungeon Overview and Level Annotations

Branches:
Dungeon (2/15)

Altars:


Innate Abilities, Weirdness & Mutations

You cannot wear boots.
Your serpentine skin is tough. (AC +1)
You have supernaturally acute eyesight. (SInv)
Armour fits poorly on your strangely shaped body.
Your system is resistant to poisons. (rPois)
You cover ground very slowly.
You have a slow metabolism.
You can spit poison.


Message History

The adder is severely wounded.
The adder bites you.
Casting: Magic Dart (safe; 11% risk of failure)
Confirm with . or Enter, or press ? or * to list all spells.
Aiming: Magic Dart (safe; 11% risk of failure)
Press: ? - help, Shift-Dir - straight line, f/p - adder
Aim: an adder (severely wounded)
The magic dart hits the adder.
The adder is almost dead.
The adder barely misses you.
Casting: Magic Dart (safe; 11% risk of failure)
Confirm with . or Enter, or press ? or * to list all spells.
Aiming: Magic Dart (safe; 11% risk of failure)
Press: ? - help, Shift-Dir - straight line, f/p - adder
Aim: an adder (almost dead)
The magic dart hits the adder.
You kill the adder!
You have reached level 4!
You feel agile.
Are you sure you want to abandon this character and quit the game? (Confirm

########..#.........#.
#.........###..#.##.#.
#.........####.#.##.#.
#........(.....#.##.#.
#####+#........#.##.#. #
# +..(.....#.##... ...#.
#..........####.
....$.###..........# #.
.......@..........># #.
≈≈≈≈.≈≈≈≈≈.#######.#####
≈≈≈≈.≈≈≈≈≈.# #........
≈≈≈≈.≈≈≈≈≈.# #.#.#####
≈≈≈≈.≈≈≈≈≈.# #.#.#
≈≈≈≈........ . ..#
......≈≈≈≈... ##.###
≈≈≈≈≈.≈≈≈≈.##. #.
≈≈.≈≈≈≈.. .


There were no monsters in sight!

Vanquished Creatures
  2 adders (D:2)
  An ooze (D:2)
  3 dart slugs (D:1)
  3 giant cockroaches
  6 goblins
  2 hobgoblins (D:2)
  5 jackals (D:2)
  4 kobolds
  5 bats
  2 frilled lizards (D:1)
  2 rats
35 creatures vanquished.

Notes
Turn   | Place    | Note
-------+----------+-------------------------------------------
     0 | D:1      | Ivernyr the Naga Wizard began the quest for the Orb.
     0 | D:1      | Reached XP level 1. HP: 15/15 MP: 4/4
   476 | D:1      | Reached XP level 2. HP: 22/22 MP: 3/6
   499 | D:1      | Learned a level 2 spell: Blink
  1144 | D:2      | Reached XP level 3. HP: 28/28 MP: 4/7
  1211 | D:2      | Learned a level 3 spell: Conjure Flame
  1215 | D:2      | Learned a level 3 spell: Mephitic Cloud
  1986 | D:2      | Reached XP level 4. HP: 28/36 MP: 3/9
  1987 | D:2      | Quit the game

Skill      XL: |  1  2 |
---------------+-------+-----
Conjurations   | 2 |  2.7
Dodging        | |  1.5
Stealth        | |  3.0
Spellcasting   | |  3.9
Summonings     | |  1.0
Translocations | |  1.0

Action                   |  1- 3 |  4- 6 || total
-------------------------+-------+-------++-------
Melee: Unarmed           |     6 |       ||     6
       Mace              |     2 |       ||     2
 Cast: Magic Dart        |    89 |     1 ||    90
 Abil: Spit Poison       |     7 |       ||     7
  Eat: Chunk             |     2 |       ||     2
Armor: Robe              |     6 |       ||     6
Dodge: Dodged            |    18 |       ||    18
